 Dungeon Crawl Stone Soup version 0.21-a0-94-gdd6ab6a (webtiles) character file.

13 vev the Charlatan (level 2, -1/23 HPs)
             Began as a Ghoul Artificer on July 1, 2017.
             Slain by an adder (2 damage)
             ... on level 2 of the Dungeon.
             The game lasted 00:01:49 (162 turns).

vev the Charlatan (Ghoul Artificer)                  Turns: 162, Time: 00:01:50

Health: -1/23      AC:  3    Str: 15    XL:     2   Next: 37%
Magic:  3/3        EV: 11    Int:  6    God:
Gold:   16         SH:  0    Dex:  9    Spells: 1/1 levels left

rFire    . . .     SeeInvis .   h - +0 mace
rCold    + . .     Gourm    .   (no shield)
rNeg     + + +     Faith    .   b - +0 leather armour
rPois    ∞         Spirit   .   (no helmet)
rElec    .         Reflect  .   (no cloak)
rCorr    .         Harm     .   (no gloves)
MR       .....                  (no boots)
Stlth    +.........             (no amulet)
HPRegen  0.00/turn              (no ring)
MPRegen  0.08/turn              (no ring)

@: rotting
A: rotting body, claws 1, carnivore 3, cold resistance 1, negative energy
resistance 3, inhibited regeneration, torment resistance, unbreathing
a: no special abilities


You were on level 2 of the Dungeon.
You were not hungry.

You visited 1 branch of the dungeon, and saw 2 of its levels.

You collected 16 gold pieces.

Inventory:

Hand Weapons
 a - a +0 short sword
 h - a +0 mace (weapon)
Armour
 b - a +0 leather armour (worn)
Wands
 c - a wand of flame (15/48)
 d - a wand of enslavement (13/24)
 e - a wand of random effects (10/48)
Comestibles
 f - a meat ration


   Skills:
 + Level 1.5 Fighting
 - Level 0.8 Short Blades
 + Level 1.0 Armour
 - Level 1.7 Dodging
 - Level 1.1 Stealth
 + Level 2.9 Evocations


You had one spell level left.
You didn't know any spells.

Dungeon Overview and Level Annotations

Branches:
Dungeon (2/15)

Altars:

Annotations:
D:2 Sigmund


Innate Abilities, Weirdness & Mutations

Your body is rotting away.
You thrive on raw meat.
You are immune to poison.
You have sharp fingernails.
You are carnivorous and can eat meat at any time.
Your flesh is cold resistant. (rC+)
You are immune to negative energy. (rN+++)
You do not regenerate when monsters are visible.
You are immune to unholy pain and torment.
You can survive without breathing.


Message History

This wand has 10 charges left.
Something bites you.
You closely miss something. Something bites you.
* * * LOW HITPOINT WARNING * * *
Something bites you.
* * * LOW HITPOINT WARNING * * *
You miss something. Something bites you.
* * * LOW HITPOINT WARNING * * *
Unknown command.
You miss something. Something bites you.
* * * LOW HITPOINT WARNING * * *
Something bites you.
* * * LOW HITPOINT WARNING * * *
Unknown command.
You aren't carrying any potions.
Unknown command.
As you read the scroll labeled YMMEANIQOSO, it crumbles to dust.
It is a scroll of identify.
You don't have any unidentified items.
Something bites you.
You die...

## ### #. ..# #.
#.# #.### #.#
#...#######.#######
#..................
#...#..........##.#
#.@.........#..##.(
#..##.#######..##.#
#..##.# #..##.#
#..##.# #..##.#
#.!##.# #..##.#
...##.# ...##.#
.#.#. ># ##.##.# .#
# .# #.


There were no monsters in sight!

Vanquished Creatures
  A dart slug (D:2)
  A hobgoblin (D:1)
  A bat (D:1)
3 creatures vanquished.

Vanquished Creatures (collateral kills)
  An adder (D:2)
  A frilled lizard (D:2)
2 creatures vanquished.

Grand Total: 5 creatures vanquished

Notes
Turn   | Place    | Note
-------+----------+-------------------------------------------
     0 | D:1      | vev the Ghoul Artificer began the quest for the Orb.
     0 | D:1      | Reached XP level 1. HP: 16/16 MP: 1/1
    44 | D:2      | Noticed Sigmund
   128 | D:2      | Reached skill level 1 in Armour
   128 | D:2      | Reached XP level 2. HP: 3/23 MP: 3/3
   161 | D:2      | HP: 1/23 [something (3)]
   162 | D:2      | Slain by an adder

Vault maps used:
D:1:      dpeg_arrival_tiny_c
D:2:      okawaru_altar_gauntlet_db, minmay_item_behind_shaft,
          uniq_crazy_yiuf_cottage, uniq_sigmund

Skill      XL: |  1 |
---------------+----+-----
Armour         | 1 |  1.0
Fighting       | |  1.5
Short Blades   | |  0.8
Dodging        | |  1.7
Stealth        | |  1.1
Evocations     | |  2.9

Action                   || total
-------------------------++-------
Melee: Mace              ||    16
       Short sword       ||     2
Evoke: Wand              ||     7
  Use: Scroll            ||     1
  Eat: Chunk             ||     3
Armor: Leather armour    ||     8
Dodge: Dodged            ||    13
